 Dungeon Crawl Stone Soup version 0.23.0-3-gf3c87f2 (webtiles) character file.

Game seed: 5754562832168412183

17 Azzok the Sneak (level 2, 0/19 HPs)
             Began as an Octopode Enchanter on Feb 22, 2019.
             Slain by a hobgoblin
             ... wielding a +0 club
              (6 damage)
             ... on level 1 of the Dungeon.
             The game lasted 00:00:44 (499 turns).

Azzok the Sneak (Octopode Enchanter)                 Turns: 499, Time: 00:00:45

Health: 0/19       AC:  1    Str:  7    XL:     2   Next: 62%
Magic:  5/5        EV: 13    Int: 17    God:
Gold:   0          SH:  0    Dex: 12    Spells: 4/5 levels left

rFire    . . .     SeeInvis .   a - +1 dagger
rCold    . . .     Gourm    .   (no shield)
rNeg     . . .     Faith    .   (helmet restricted)
rPois    .         Spirit   .   (no amulet)
rElec    .         Reflect  .   (no ring)
rCorr    .         Harm     .   (no ring)
MR       .....                  (no ring)
Stlth    +++.......             (no ring)
HPRegen  0.06/turn              (no ring)
MPRegen  0.09/turn              (no ring)
                                (no ring)
                                (no ring)

@: no status effects
A: almost no armour, stealthy swim, amphibious, 8 rings, constrict 8, camouflage
1, gelatinous body 1
a: no special abilities


You were on level 1 of the Dungeon.
You were not hungry.

You visited 1 branch of the dungeon, and saw 1 of its levels.

Inventory:

Hand Weapons
 a - a +1 dagger (weapon)
Comestibles
 b - 2 chunks of flesh
 c - 2 rations


   Skills:
 + Level 2.2 Fighting
 - Level 1.0 Short Blades
 - Level 2.0 Dodging
 - Level 4.0 Stealth
 - Level 2.0 Spellcasting
 - Level 3.0 Hexes


You had 4 spell levels left.
You knew the following spells:

 Your Spells              Type           Power        Failure   Level  Hunger
a - Corona                Hex            ##.....      5%          1    #......

Your spell library contained the following spells:

 Spells                   Type           Power        Failure   Level  Hunger
 Ensorcelled Hibernation  Hex/Ice        #.....       16%         2    ###....
 Confuse                  Hex            ##......     17%         3    ###....
 Tukima's Dance           Hex            ##......     17%         3    ###....
 Dazzling Spray           Conj/Hex       #.....       30%         3    ###....


Dungeon Overview and Level Annotations

Branches:
Dungeon (1/15)

Altars:


Innate Abilities, Weirdness & Mutations

You cannot wear most types of armour.
You are very stealthy in the water. (Stealth+)
You are amphibious.
You can wear up to eight rings at the same time.
You can use your tentacles to constrict eight enemies at once.
Your skin changes colour to match your surroundings (Stealth+).
Your rubbery body absorbs attacks. (AC +1, EV +1)


Message History

You see here a rat skeleton. x2
The hobgoblin is too close now for your liking.
A hobgoblin is nearby!
The hobgoblin shouts!
You hear a shout! x2
A rat comes into view.
A kobold comes into view. It is wielding a +0 short sword.
The hobgoblin hits you with a +0 club.
You closely miss the hobgoblin. Your grab misses the hobgoblin.
You squeeze the hobgoblin.
The hobgoblin is moderately wounded.
The hobgoblin hits you. The hobgoblin hits you with a +0 club.
A hobgoblin comes into view.
The hobgoblin shouts!
A hobgoblin comes into view. It is wielding a +0 club.
The hobgoblin hits you.
You barely miss the hobgoblin. Your grab misses the hobgoblin.
The hobgoblin hits you.
* * * LOW HITPOINT WARNING * * *
The hobgoblin hits you with a +0 club.
You die...

·▒ ▒·▒ ▒·▒ ·▒ ▒)▒ ▒·▒
·▒▒▒·▒ ▒·▒
·····▒▒▒·▒▒▒▒▒▒▒▒▒▒▒▒
···)················
·······▒·▒·▒▒▒▒▒···▒
·········▒·▒
▒·▒)▒▒▒▒·▒▒··
·······▒▒▒·▒
▒·gg········▒
▒·····▒▒ ▒·▒
▒@▒·········· ▒▒(··▒▒
▒·▒▒▒▒▒g▒▒▒▒▒··▒▒▒▒
▒▒·▒▒▒▒▒▒······÷g·▒
··▒
▒·÷··········▒▒▒·▒ ·▒
▒▒▒▒▒▒▒······▒ ·(· ··
····▒·▒▒(▒ ▒▒▒ ▒·
▒▒▒▒▒·▒▒··· ·▒
▒·▒▒▒▒·▒ ▒·▒ ··▒


You could see 4 hobgoblins.

Vanquished Creatures
  A gnoll (D:1)
  A goblin (D:1)
  A hobgoblin (D:1)
  2 jackals (D:1)
  3 rats (D:1)
8 creatures vanquished.

Notes
Turn   | Place    | Note
-------+----------+-------------------------------------------
     0 | D:1      | Azzok the Octopode Enchanter began the quest for the Orb.
     0 | D:1      | Reached XP level 1. HP: 11/11 MP: 3/3
    72 | D:1      | Reached skill level 1 in Fighting
    72 | D:1      | Reached XP level 2. HP: 4/19 MP: 5/5
   499 | D:1      | Slain by a hobgoblin

Skill      XL: |  1  2 |
---------------+-------+-----
Fighting       | 1 2 |  2.2
Short Blades   | |  1.0
Dodging        | |  2.0
Stealth        | |  4.0
Spellcasting   | |  2.0
Hexes          | |  3.0

Action                   || total
-------------------------++-------
Melee: Dagger            ||    19
       Tentacles         ||     4
       Constrict         ||     3
 Stab: Sleeping          ||     3
Armor: Skin              ||     2
Dodge: Dodged            ||     9
